 Dungeon Crawl Stone Soup version 0.30-a0-219-gf2db51d15e (webtiles) character file.

Game seed: 14351412840707652952

64 scionoferis the Slasher (level 4, -2/33 HPs)
             Began as a Djinni Reaver on Oct 6, 2022.
             Slain by Grinder (9 damage)
             ... on level 3 of the Dungeon.
             The game lasted 00:04:38 (2386 turns).

scionoferis the Slasher (Djinni Reaver)             Turns: 2386, Time: 00:04:39

Health: -2/33      AC:  4    Str: 11    XL:     4   Next: 32%
Gold:   159        EV: 11    Int: 22    God:
                   SH:  0    Dex: 12

rFire   + + .      SeeInvis .    a - +0 falchion
rCold   x . .      Faith    .    (no shield)
rNeg    . . .      Spirit   .    b - +0 leather armour
rPois   ∞          Reflect  .    m - +0 helmet
rElec   .          Harm     .    (no cloak)
rCorr   .          Rampage  .    (no gloves)
Will    .....                    (boots unavailable)
Stlth   +.........               (no amulet)
HPRegen 0.25/turn                l - +6 ring of intelligence
MPRegen 0.00/turn                o - +4 ring of slaying

@: flying
A: sickness immunity, fire resistance 2, cold vulnerability 1, float, innate
caster, HP casting, extra vitality 1
a: no special abilities


You were on level 3 of the Dungeon.
You visited 1 branch of the dungeon, and saw 3 of its levels.

You collected 159 gold pieces.

Inventory:

Hand Weapons
 a - a +0 falchion (weapon)
Armour
 b - a +0 leather armour (worn)
 m - a +0 helmet (worn)
Jewellery
 l - a +6 ring of intelligence (left hand)
 o - a +4 ring of slaying (right hand)
Scrolls
 c - 4 scrolls of teleportation {unknown}
 e - a scroll of torment {unknown}
 h - 5 scrolls of identify {unknown}
 p - a scroll of butterflies {unknown}
Potions
 d - 2 potions of degeneration {unknown}
 f - 2 potions of brilliance {unknown}
 g - a potion of heal wounds {unknown}
 i - a potion of haste
 j - a potion of mutation {unknown}
 k - a potion of flight {unknown}
 n - 2 potions of curing {unknown}
 q - a potion of invisibility {unknown}


   Skills:
 - Level 2.0 Fighting
 + Level 3.6 Long Blades
 - Level 2.1 Dodging
 + Level 3.1 Spellcasting


You had 2 spell levels left.
You knew the following spells:

 Your Spells              Type           Power      Damage    Failure   Level
a - Kiss of Death         Conj/Necr      68%        2d10      4%          1
b - Momentum Strike       Conj/Tloc      34%        3d8       7%          2
c - Hailstorm             Conj/Ice       17%        3d6       13%         3
d - Sandblast             Erth           34%        2d9       4%          1
Your spell library was empty.

Dungeon Overview and Level Annotations

Branches:
Dungeon (3/15)

Altars:

Annotations:
D:3 Grinder, Robin


Innate Abilities, Weirdness & Mutations

You are immune to sickness and miasma.
You are immune to poison.
Your flesh is very heat resistant. (rF++)
You are vulnerable to cold. (rC-)
You float through the air rather than walking.
You learn spells naturally, not from books.
Your magical power is your life essence.
You have superior vitality. (+4 MHP)


Message History

You hit Grinder but do no damage.
Grinder is moderately wounded.
Grinder closely misses you.
You closely miss Grinder.
Grinder is moderately wounded.
Grinder hits you.
You writhe in agony.
You barely miss Grinder.
Grinder is moderately wounded.
Grinder hits you.
You writhe in agony.
You hit Grinder.
Grinder is heavily wounded.
Grinder hits you.
You writhe in agony.
Grinder blinks!
Casting: Hailstorm (quite dangerous; 13% risk of failure)
Confirm with . or Enter, or press ? or * to list all spells.
The spell is quite dangerous to miscast (13% risk of failure)!
Continue anyway?
Casting: Hailstorm (quite dangerous; 13% risk of failure)
Press: ? - help, Dir - look around, f - activate A cannonade of hail descends around you!
The hail pelts Grinder!
Grinder partially resists.
Grinder is severely wounded.
* * * LOW HITPOINT WARNING * * *
Grinder drinks a potion.
Grinder seems to speed up.
Casting: Hailstorm (quite dangerous; 13% risk of failure)
Confirm with . or Enter, or press ? or * to list all spells.
The spell is quite dangerous to miscast (13% risk of failure)!
Continue anyway?
Casting: Hailstorm (quite dangerous; 13% risk of failure)
Press: ? - help, Dir - look around, f - activate A cannonade of hail descends around you!
The hail pelts Grinder.
Grinder partially resists.
Grinder is almost dead.
* * * LOW HITPOINT WARNING * * *
Grinder gestures at you.
You suddenly lose the ability to move!
Grinder blinks!
You can move again.
Unknown command.
You closely miss Grinder.
Grinder is almost dead.
Grinder hits you!
You die...

####################
.................5.#
#######.########@#.# ##
#.# #§#.# .# #.# #.#.# .#
#.# #.#5# .######.#
#........5.
........##########.#.#####
.#####........# #.#.# .#
#...######.# #.# # .#
#.### ####)####.#


You could see Grinder (fast).

Vanquished Creatures
  An adder (D:2)
  A dart slug (D:1)
  8 ball pythons
  8 endoplasms
  2 giant cockroaches
  8 goblins
  3 hobgoblins (D:3)
  2 bats
  3 frilled lizards
  5 kobolds
  7 rats
48 creatures vanquished.

Notes
Turn   | Place    | Note
-------+----------+-------------------------------------------
     0 | D:1      | scionoferis the Djinni Reaver began the quest for the Orb.
     0 | D:1      | scionoferis set off with the following spells memorised:
                  | Kiss of Death, Momentum Strike, Hailstorm.
     0 | D:1      | Reached XP level 1. HP: 18/18 MP: 0/0
   219 | D:1      | Reached XP level 2. HP: 23/23 MP: 0/0
   279 | D:1      | You are sucked into a shaft and drop 1 floor!
   759 | D:1      | Reached XP level 3. HP: 26/28 MP: 0/0
   759 | D:1      | Learned a level 1 spell: Sandblast
  1914 | D:3      | Noticed Robin
  2003 | D:3      | Reached XP level 4. HP: 28/33 MP: 0/0
  2364 | D:3      | Noticed Grinder
  2384 | D:3      | Paralysed by Grinder for 2 turns
  2386 | D:3      | Slain by Grinder

Illustrated notes

Levels and vault maps discovered:
D:1:      minmay_arrival_jagged, layout_loops_ring
D:2:      layout_basic
D:3:      layout_loops_ring, hellmonk_ecumenical_altar_defaced_shrine,
          kennysheep_jessica_study, uniq_robin, uniq_grinder

Skill      XL: |  1  2  3 |
---------------+----------+-----
Long Blades    | 3 |  3.6
Spellcasting   | 3 |  3.1
Fighting       | |  2.0
Dodging        | |  2.1

Action                   |  1- 3 |  4- 6 || total
-------------------------+-------+-------++-------
Melee: Falchion          |   123 |    44 ||   167
       Punch             |     1 |       ||     1
 Cast: Hailstorm         |       |     3 ||     3
Armor: Leather armour    |    46 |     6 ||    52
Dodge: Dodged            |    61 |    19 ||    80

Table legend: (Time is in decaauts)
 A = Elapsed time spent in this place.
 B = Non-inter-level travel time spent in this place.
 C = Inter-level travel time spent in this place.
 D = Time resting spent in this place.
 E = Time spent auto-exploring this place.
 F = Levels seen in this place.
 G = Mean time per level.
                   A        B        C        D        E       F      G
               +--------+--------+--------+--------+--------+-----+--------+
         Total |   2408 |   2319 |     89 |     19 |   1832 |   3 |  802.7 |
       Dungeon |   2408 |   2319 |     89 |     19 |   1832 |   3 |  802.7 |
               +--------+--------+--------+--------+--------+-----+--------+

Top non-repeatable levels by time:
     D:2: 1018 daAuts
     D:1: 906 daAuts
     D:3: 483 daAuts
